 Dungeon Crawl Stone Soup version 0.28.0-43-g3370ac3207 (webtiles) character file.

Game seed: 2586972844480775254

942 CryoSword the Skirmisher (level 8, 0/78 HPs)
             Began as an Ogre Chaos Knight on Mar 8, 2022.
             Was a Plaything of Xom.
             Slain by a killer bee zombie (1 damage)
             ... on level 6 of the Dungeon.
             The game lasted 00:08:17 (5431 turns).

CryoSword the Skirmisher (Ogre Chaos Knight)        Turns: 5431, Time: 00:08:18

Health: 0/78       AC:  7    Str: 16    XL:     8   Next: 12%
Magic:  8/8        EV: 10    Int: 11    God:    Xom [*.....]
Gold:   228        SH:  0    Dex:  7    Spells: 7/7 levels left

rFire   . . .      SeeInvis .   b - +10 flail of Ambiguity {freeze, rF- rN+++ Str-3 Dex+3}
rCold   . . .      Faith    .   (no shield)
rNeg    + + +      Spirit   .   s - +2 robe {rF+}
rPois   .          Reflect  .   (helmet restricted)
rElec   .          Harm     .   (no cloak)
rCorr   +          Rampage  .   (gloves unavailable)
Will    +....                   (boots unavailable)
Stlth   +.........              (no amulet)
HPRegen 0.23/turn               h - ring of willpower
MPRegen 0.11/turn               i - ring of resist corrosion

@: no status effects
A: large, unfitting armour, tough skin 1, iridescent scales 1, clumsy 2, dopey
1, frail 1, screaming 2, inability to read while threatened, noise suppression
a: Renounce Religion


You were on level 6 of the Dungeon.
You worshipped Xom.
You were a special plaything of Xom.
You visited 1 branch of the dungeon, and saw 6 of its levels.

You collected 228 gold pieces.

Inventory:

Hand Weapons
 b - the +10 flail of Ambiguity (weapon) {freeze, rF- rN+++ Str-3 Dex+3}
   (You found it on level 5 of the Dungeon)

   It freezes those it strikes, dealing additional cold damage.
   It can also slow down cold-blooded creatures.
   Str:       It affects your strength (-3).
   Dex:       It affects your dexterity (+3).
   rF:        It makes you vulnerable to fire.
   rN:        It renders you almost immune to negative energy.
Missiles
 e - 4 boomerangs (quivered)
 l - 2 boomerangs of dispersal {!f}
Armour
 s - a +2 robe of fire resistance (worn)
   (You took it off Blork the orc on level 4 of the Dungeon)
Jewellery
 h - a ring of willpower (left hand)
   (You found it on level 1 of the Dungeon)
 i - a ring of resist corrosion (right hand)
   (You found it on level 1 of the Dungeon)
 n - an amulet of the acrobat
   (You took it off a kobold on level 4 of the Dungeon)
Scrolls
 a - a scroll of amnesia {unknown}
 f - 2 scrolls of noise {unknown}
 g - a scroll of holy word {unknown}
 j - a scroll of brand weapon {unknown}
 k - 2 scrolls of silence {unknown}
 m - a scroll of magic mapping {unknown}
 p - 2 scrolls of fog {unknown}
 q - 3 scrolls of identify {@r1}
 r - a scroll of enchant armour {unknown}
 t - a scroll of fear {unknown}
 v - a scroll of teleportation {unknown}
Potions
 c - 3 potions of heal wounds {@q2}
 d - 2 potions of mutation {!q}
 o - a potion of attraction {unknown}
 u - a potion of resistance {unknown}


   Skills:
 + Level 7.1 Fighting
 * Level 6.4 Maces & Flails
 + Level 4.5 Dodging


You had 7 spell levels left.
You didn't know any spells.
Your spell library contained the following spells:

 Spells                   Type           Power      Damage    Failure   Level
 Corpse Rot               Necr/Air       0%         N/A       47%         2
 Dispel Undead            Necr           0%         3d6       98%         4
 Death Channel            Necr           0%         N/A       100%        6


Dungeon Overview and Level Annotations

Branches:
Dungeon (6/15)             Temple (0/1) D:4

Altars:
Ashenzari
Okawaru
Xom
Zin


Innate Abilities, Weirdness & Mutations

You are too large for most types of armour.
You have tough skin. (AC +1)
You are partially covered in iridescent scales. (AC +2)
You are very clumsy. (Dex -4)
You are dopey. (Int -2)
You are frail. (-10% HP)
You frequently scream uncontrollably at your foes.
You sometimes lose the ability to read scrolls when taking damage.
You passively dampen the noise of your surroundings.


Message History

The ufetubus disappears in a puff of smoke!
The ufetubus barely misses you.
The ufetubus hits you but does no damage.
You bludgeon the crimson imp!! You freeze the crimson imp.
You kill the crimson imp!
The crimson imp disappears in a puff of smoke!
The ufetubus hits you but does no damage.
The ufetubus closely misses you. x2
The ufetubus hits you but does no damage.
The ufetubus closely misses you.
The ufetubus hits you but does no damage. x2
The ufetubus barely misses you.
You hit the iron imp but do no damage. The ufetubus barely misses you.
The ufetubus closely misses you. x2
The ufetubus hits you but does no damage.
The iron imp hits you!
You sock the iron imp! You freeze the iron imp.
The ufetubus hits you but does no damage.
The ufetubus misses you. The ufetubus barely misses you. The ufetubus hits you.
The iron imp hits you but does no damage.
The ufetubus hits you. The ufetubus barely misses you.
The ufetubus hits you but does no damage. x2
You hit the iron imp. You freeze the iron imp.
The ufetubus completely misses you. The ufetubus closely misses you.
The ufetubus hits you. The ufetubus barely misses you. The iron imp hits you!
The ufetubus hits you. The ufetubus closely misses you.
You are too injured to fight recklessly!
You are too injured to fight recklessly!
You are too injured to fight recklessly!
You are too injured to fight recklessly!
You hit the iron imp.
You kill the iron imp!
The iron imp disappears in a puff of smoke!
The ufetubus hits you but does no damage. x3
The ufetubus barely misses you. The ufetubus closely misses you.
The ufetubus hits you but does no damage.
You hit the ufetubus. You freeze the ufetubus. The ufetubus closely misses you.
The ufetubus hits you but does no damage.
The ufetubus completely misses you.
The ufetubus hits you but does no damage.
The ufetubus misses you. The ufetubus closely misses you.
The ufetubus misses you. The ufetubus hits you.
You hit the ufetubus. You freeze the ufetubus.
You kill the ufetubus!
The ufetubus disappears in a puff of smoke!
The ufetubus hits you. The ufetubus closely misses you.
You sock the ufetubus! You freeze the ufetubus.
You kill the ufetubus!
The ufetubus disappears in a puff of smoke!
There is a stone staircase leading down here.
You climb downwards.
There is a stone staircase leading up here.
Found 12 stones.
A killer bee zombie comes into view.
Found a leather armour.
A killer bee zombie is nearby!
A killer bee zombie is nearby!
You see here a wand of mindburst (11).
A killer bee zombie, a bullfrog zombie and a bullfrog skeleton come into view.
The killer bee zombie hits you.
You sock the killer bee zombie!
The killer bee zombie barely misses you.
The killer bee zombie hits you but does no damage.
You hit the killer bee zombie.
The killer bee zombie hits you but does no damage.
The killer bee zombie hits you.
You bludgeon the killer bee zombie!!
You destroy the killer bee zombie!
The killer bee zombie hits you.
You barely miss the killer bee zombie. The killer bee zombie hits you.
The bullfrog zombie barely misses you.
The killer bee zombie barely misses you.
You miss the killer bee zombie.
The killer bee zombie closely misses you.
The bullfrog zombie hits you.
The bullfrog skeleton barely misses you.
The killer bee zombie barely misses you.
You closely miss the killer bee zombie. The bullfrog zombie hits you.
The bullfrog skeleton barely misses you.
The killer bee zombie closely misses you.
The bullfrog zombie closely misses you. The killer bee zombie hits you.
The bullfrog skeleton hits you.
You hit the killer bee zombie.
The killer bee zombie barely misses you.
The bullfrog zombie completely misses you.
The bullfrog skeleton hits you but does no damage.
The killer bee zombie hits you.
You feel threatened and lose the ability to read scrolls!
You are too injured to fight recklessly!
You are too injured to fight recklessly!
The killer bee zombie barely misses you.
The killer bee zombie hits you. The bullfrog zombie hits you.
The bullfrog skeleton hits you.
* * * LOW HITPOINT WARNING * * *
The killer bee zombie barely misses you.
The killer bee zombie hits you.
* * * LOW HITPOINT WARNING * * *
The bullfrog zombie hits you but does no damage.
You sock the bullfrog skeleton!
The bullfrog skeleton barely misses you.
The bullfrog zombie hits you.
* * * LOW HITPOINT WARNING * * *
The bullfrog skeleton hits you but does no damage.
You sock the bullfrog skeleton! The bullfrog zombie hits you.
* * * LOW HITPOINT WARNING * * *
The bullfrog skeleton hits you but does no damage.
You thump the bullfrog skeleton!
You destroy the bullfrog skeleton!
The bullfrog zombie hits you.
* * * LOW HITPOINT WARNING * * *
The bullfrog zombie hits you but does no damage.
The killer bee zombie hits you but does no damage.
You hit the killer bee zombie.
Your punch misses the killer bee zombie.
The killer bee zombie hits you.
* * * LOW HITPOINT WARNING * * *
The bullfrog zombie hits you.
* * * LOW HITPOINT WARNING * * *
You thump the killer bee zombie!
The killer bee zombie hits you but does no damage.
The bullfrog zombie closely misses you. The killer bee zombie hits you.
* * * LOW HITPOINT WARNING * * *
You thump the bullfrog zombie!
The killer bee zombie hits you but does no damage.
The bullfrog zombie barely misses you.
The killer bee zombie closely misses you.
The bullfrog zombie hits you but does no damage.
You sock the bullfrog zombie! You freeze the bullfrog zombie.
The killer bee zombie hits you.
* * * LOW HITPOINT WARNING * * *
The bullfrog zombie hits you.
* * * LOW HITPOINT WARNING * * *
The killer bee zombie hits you.
* * * LOW HITPOINT WARNING * * *
You barely miss the killer bee zombie.
The killer bee zombie barely misses you.
The bullfrog zombie hits you but does no damage.
The killer bee zombie barely misses you.
The bullfrog zombie barely misses you.
You sock the bullfrog zombie!
You destroy the bullfrog zombie!
You can read scrolls again.
The killer bee zombie hits you.
* * * LOW HITPOINT WARNING * * *
The killer bee zombie hits you but does no damage.
You barely miss the killer bee zombie. The killer bee zombie hits you.
* * * LOW HITPOINT WARNING * * *
The killer bee zombie hits you.
You die... "It's all fun and games until someone loses an eye."

#.......#
#.......#
.........#
..........#
...........#
...........#
...........#
...........#
..........@#
..........Z#
....(......#
...........#
......../..#
...........#
...........#
...........#
...........#


You could see a killer bee zombie.

Vanquished Creatures
  An unseen horror (D:5)
  An ogre (D:4)
  A phantom (D:4)
  Blork the orc (D:4)
  A bullfrog zombie (D:6)
  A hound (D:5)
  2 bullfrog skeletons
  A jelly (D:5)
  A gnoll shaman (D:4)
  Ijyb (D:3)
  An iguana (D:5)
  A killer bee zombie (D:6)
  2 hound skeletons
  4 gnolls (D:4)
  4 adders
  2 worms
  A dart slug (D:1)
  2 orcs
  5 ball pythons
  8 endoplasms
  6 giant cockroaches
  8 goblins
  10 hobgoblins
  3 jackals (D:3)
  9 kobolds
  3 quokkas
  4 bats
  A frilled lizard (D:3)
  11 rats
96 creatures vanquished.

Notes
Turn   | Place    | Note
-------+----------+-------------------------------------------
     0 | D:1      | CryoSword the Ogre Chaos Knight began the quest for the
                  | Orb.
     0 | D:1      | Reached XP level 1. HP: 24/24 MP: 1/1
    32 | D:1      | Found a faded altar of an unknown god.
    37 | D:1      | XOM: smoke on damage
    38 | D:1      | XOM: silly message
   111 | D:1      | XOM: divination: detect creatures
   148 | D:1      | Reached XP level 2. HP: 29/32 MP: 2/2
   312 | D:1      | You fall into a shaft and drop 1 floor!
   374 | D:2      | XOM: divination: detect creatures
   541 | D:1      | Reached XP level 3. HP: 37/40 MP: 3/3
   619 | D:1      | XOM: divination: magic mapping
   902 | D:2      | XOM: divination: magic mapping
   906 | D:2      | XOM: divination: detect creatures
  1192 | D:2      | XOM: potion effect (curing)
  1439 | D:2      | XOM: cloud trail
  1571 | D:2      | XOM: scenery: 2 doors open
  1662 | D:3      | Reached XP level 4. HP: 41/49 MP: 4/4
  2294 | D:3      | XOM: give mutation
  2294 | D:3      | Gained mutation: You are partially covered in iridescent
                  | scales. (AC +2) [Xom's grace]
  2434 | D:3      | XOM: scenery: create altars
  2490 | D:3      | Found an iron altar of Okawaru.
  2534 | D:3      | Found a glowing silver altar of Zin.
  2830 | D:3      | Noticed Ijyb
  2858 | D:3      | Killed Ijyb
  2859 | D:3      | Reached skill level 5 in Fighting
  2859 | D:3      | Reached XP level 5. HP: 25/57 MP: 5/5
  3150 | D:4      | Noticed a phantom
  3150 | D:4      | XOM: enchant monster (bad)
  3167 | D:4      | Killed a phantom
  3270 | D:4      | XOM: stat loss: -1 Dex (7/8)
  3332 | D:4      | Noticed an ogre
  3333 | D:4      | XOM: noise
  3402 | D:3      | XOM: give mutations
  3402 | D:3      | Gained mutation: You are dopey. (Int -2) [Xom's mischief]
  3402 | D:3      | Gained mutation: You passively dampen the noise of your
                  | surroundings. [Xom's mischief]
  3402 | D:3      | Gained mutation: You occasionally shout uncontrollably at
                  | your foes. [Xom's mischief]
  3568 | D:4      | Noticed Blork the orc
  3591 | D:4      | Killed Blork the orc
  3592 | D:4      | Reached XP level 6. HP: 16/66 MP: 6/6
  4050 | D:4      | Reached skill level 5 in Maces & Flails
  4053 | D:4      | XOM: confuse monster(s)
  4067 | D:4      | Reached skill level 6 in Fighting
  4067 | D:4      | Reached XP level 7. HP: 12/75 MP: 7/7
  4161 | D:4      | XOM is BORED!
  4161 | D:4      | XOM: give mutation
  4161 | D:4      | Gained mutation: You frequently scream uncontrollably at
                  | your foes. [Xom's mischief]
  4305 | D:4      | XOM: scenery: create altars
  4365 | D:4      | Found a staircase to the Ecumenical Temple.
  4473 | D:4      | XOM: summons 1 hostile shadow creature
  4531 | D:5      | Entered Level 5 of the Dungeon
  4583 | D:5      | Identified the +10 flail of Ambiguity {freeze, rF- rN+++
                  | Str-3 Dex+3}
  4623 | D:5      | XOM: give mutations
  4623 | D:5      | Gained mutation: You are frail. (-10% HP) [Xom's mischief]
  4623 | D:5      | Gained mutation: You are clumsy. (Dex -2) [Xom's mischief]
  4623 | D:5      | Gained mutation: You sometimes lose the ability to read
                  | scrolls when taking damage. [Xom's mischief]
  4623 | D:5      | Gained mutation: You are very clumsy. (Dex -4) [Xom's
                  | mischief]
  4626 | D:5      | Found a broken altar of Ashenzari.
  5157 | D:6      | Noticed a naga
  5157 | D:6      | an orc warrior changed into a naga
  5157 | D:6      | XOM: polymorph orc warrior -> naga
  5163 | D:5      | Killed an unseen horror
  5164 | D:5      | Reached skill level 7 in Fighting
  5164 | D:5      | Reached XP level 8. HP: 52/78 MP: 8/8
  5239 | D:5      | XOM: summons 5 hostile demons
  5431 | D:6      | HP: 1/78 [killer bee zombie (3)]
  5431 | D:6      | Slain by a killer bee zombie

Illustrated notes

Levels and vault maps discovered:
D:1:      lemuel_arrival_cross, layout_loops_ring,
          ebering_ecumenical_altar_petrified, chequers_serial_rivers_marsh,
          kennysheep_doodads, minmay_close_crescents
D:2:      layout_basic
D:3:      layout_loops_cross, mainiacjoe_overflow_catch_the_wave,
          minmay_pentangle, uniq_ijyb
D:4:      layout_loops_ring, minmay_temple_entry_trees,
          minmay_misc_feat_ornament, minmay_misc_feat_tiny, uniq_blork_the_orc
D:5:      layout_basic, nicolae_overflow_crystal_walls
D:6:      layout_gridville, serial_undead, serial_undead_b, serial_undead_b,
          serial_undead_a, serial_undead_b, st_stairs_7,
          nicolae_shop_firing_range

Skill      XL: |  1  2  3  4  5  6  7 |
---------------+----------------------+-----
Maces & Flails | 3 4 5 6 |  6.4
Fighting       | 5 6 7 |  7.1
Dodging        | 3 4 |  4.5

Action                   |  1- 3 |  4- 6 |  7- 9 || total
-------------------------+-------+-------+-------++-------
Melee: Mace              |    97 |    59 |       ||   156
       Whip              |       |   124 |       ||   124
       Punch             |       |     2 |     1 ||     3
       Flail             |       |       |    53 ||    53
  Use: Scroll            |       |     2 |       ||     2
       Potion            |       |       |     1 ||     1
 Stab: Sleeping          |     1 |     2 |       ||     3
       Paralysed         |       |     1 |       ||     1
       Confused          |       |     3 |       ||     3
Armor: Robe              |    29 |    57 |    40 ||   126
Dodge: Dodged            |    41 |    78 |    54 ||   173
